 Dungeon Crawl Stone Soup version 0.20.1-1-g8b1a95d (webtiles) character file.

91 slep the Magician (level 4, -6/32 HPs)
             Began as a Demonspawn Wanderer on Oct 23, 2017.
             Killed by divine providence
             ... invoked by an orc priest
              (12 damage)
             ... on level 3 of the Dungeon.
             The game lasted 00:08:51 (1447 turns).

slep the Magician (Demonspawn Wanderer)             Turns: 1447, Time: 00:08:51

Health: -6/32      AC:  6    Str: 13    XL:     4   Next: 34%
Magic:  9/9        EV:  9    Int: 12    God:
Gold:   116        SH:  7    Dex: 14    Spells: 10/10 levels left

rFire    . . .     SeeInvis .   n - +2 whip (drain)
rCold    . . .     Gourm    .   a - +0 shield
rNeg     . . .     Faith    .   u - +0 leather armour
rPois    .         Spirit   .   (helmet restricted)
rElec    .         Reflect  .   (no cloak)
rCorr    .         Harm     .   k - +0 pair of gloves
MR       .....                  (no boots)
Stlth    ++........             (no amulet)
Regen    0.1/turn               (no ring)
MPRegen  0.2/turn               (no ring)

@: no status effects
A: antennae 1, slimy green scales 1
a: no special abilities


You were on level 3 of the Dungeon.
You were not hungry.

You visited 1 branch of the dungeon, and saw 3 of its levels.

You collected 116 gold pieces.

Inventory:

Hand Weapons
 c - a +0 quarterstaff
 e - a +0 club
 n - a +2 whip of draining (weapon)
Missiles
 y - 4 tomahawks (quivered)
Armour
 a - a +0 shield (worn)
 d - a +0 robe
 k - a +0 pair of gloves (worn)
 u - a +0 leather armour (worn)
Scrolls
 g - 3 scrolls of fog {unknown}
 j - a scroll of identify {unknown}
 l - 6 scrolls of remove curse {unknown}
 o - a scroll of enchant weapon {unknown}
 p - a scroll of amnesia {unknown}
 q - a scroll of teleportation {unknown}
 x - a scroll of noise {unknown}
 z - a scroll of enchant armour {unknown}
Potions
 h - 2 potions of curing {unknown}
 i - a potion of lignification {unknown}
 r - a potion of cancellation {unknown}
 w - a potion of ambrosia {unknown}
Books
 b - the Incunabulum of Transmigration

   Spells                             Type                      Level
   a - Passwall                       Transmutation/Earth          2
   b - Sticks to Snakes               Transmutation                2
Comestibles
 f - 2 bread rations
 m - 5 meat rations
 s - a fruit
 t - a royal jelly
 v - 3 chunks of flesh


   Skills:
 + Level 1.5 Fighting
 + Level 1.3(1.9) Maces & Flails
 + Level 2.0(2.2) Staves
 + Level 0.3 Armour
 + Level 1.1 Dodging
 + Level 1.4 Stealth
 + Level 1.5 Shields
 + Level 3.5 Spellcasting
   Level 2.1 Necromancy


You had 10 spell levels left.
You didn't know any spells.

Dungeon Overview and Level Annotations

Branches:
Dungeon (3/15)

Altars:


Innate Abilities, Weirdness & Mutations

You have a pair of small antennae on your head.
You are partially covered in slimy green scales. (AC +2)


Message History

* * * LOW HITPOINT WARNING * * *
An orc comes into view. It is wielding a hand axe.
The orc shouts!
You hear a shout!
The orc priest miscasts a cantrip.
An orc wizard comes into view. It is wielding a dagger.
The orc wizard shouts!
The orc priest closely misses you.
You barely miss the orc priest.
The orc wizard casts a spell.
The orc wizard flickers and vanishes!
Deactivating autopickup; reactivate with Ctrl-A.
The orc wizard gestures wildly while chanting.
The orc wizard flickers and vanishes!
You closely miss the orc.
The orc priest begins to cast a cantrip, but forgets the words!
You hit the orc but do no damage. You drain the orc!
The orc is heavily wounded.
The orc priest calls down the wrath of Beogh upon you.
Beogh smites you!
You die...

### ..#######
############.........
..{o.oo@..............
############..........
#.........#
#.........#
#.........#
#.........#
#.........#
#......(..#
#.........#


You could see an orc priest and 2 orcs.

Vanquished Creatures
  4 adders
  A worm (D:2)
  8 orcs (D:3)
  6 bats
  2 giant cockroaches
  4 hobgoblins
  2 quokkas (D:2)
  2 ball pythons
  2 frilled lizards (D:2)
  5 goblins
  7 kobolds
  A rat (D:2)
  A toadstool (D:1)
45 creatures vanquished.

Vanquished Creatures (others)
  3 toadstools (D:1)
3 creatures vanquished.

Grand Total: 48 creatures vanquished

Notes
Turn   | Place    | Note
-------+----------+-------------------------------------------
     0 | D:1      | slep the Demonspawn Wanderer began the quest for the Orb.
     0 | D:1      | slep set off with: a +0 shield, the Incunabulum of Transmigration, a +0 quarterstaff, a +0 robe, a +0 club, a bread ration
     0 | D:1      | Reached XP level 1. HP: 15/15 MP: 4/4
   469 | D:1      | Gained mutation: You have a pair of small antennae on your head. [demonic ancestry]
   469 | D:1      | Reached XP level 2. HP: 5/21 MP: 6/6
  1006 | D:2      | Gained mutation: You are partially covered in slimy green scales. (AC +2) [demonic ancestry]
  1006 | D:2      | Reached XP level 3. HP: 21/26 MP: 7/7
  1069 | D:2      | Reached skill level 1 in Dodging
  1263 | D:2      | Reached skill level 1 in Maces & Flails
  1357 | D:3      | Reached XP level 4. HP: 31/32 MP: 9/9
  1447 | D:3      | Killed from afar by an orc priest

Skill      XL: |  1  2  3 |
---------------+----------+-----
Staves         | 2 |  2.0
Dodging        | 1 |  1.1
Maces & Flails | 1 |  1.3
Fighting       | |  1.5
Armour         | |  0.3
Stealth        | |  1.4
Shields        | |  1.5
Spellcasting   | |  3.5
Necromancy     | |  2.1

Action                   |  1- 3 |  4- 6 || total
-------------------------+-------+-------++-------
Melee: Club              |    41 |       ||    41
       Whip              |    86 |    25 ||   111
 Stab: Sleeping          |     3 |       ||     3
  Eat: Chunk             |     2 |       ||     2
Armor: Robe              |    15 |       ||    15
       Leather armour    |    21 |     3 ||    24
Dodge: Dodged            |    37 |     5 ||    42
Block: Shield            |    36 |     7 ||    43
